 Dungeon Crawl Stone Soup version 0.20-a0-345-gbfb25ec (webtiles) character file.

277 BlueFish the Chopper (level 6, -1/53 HPs)
             Began as a Minotaur Fighter on Dec 23, 2016.
             Was a Believer of Uskayaw.
             Slain by a gnoll
             ... wielding a +0 halberd
              (9 damage)
             ... on level 4 of the Dungeon.
             The game lasted 00:07:21 (2482 turns).

BlueFish the Chopper (Minotaur Fighter)             Turns: 2482, Time: 00:07:21

Health: -1/53      AC:  8    Str: 21    XL:     6   Next: 4%
Magic:  5/5        EV: 10    Int:  5    God:    Uskayaw [**....]
Gold:   138        SH:  0    Dex: 11    Spells: 5/5 levels left

rFire  . . .     SeeInvis .     a - +0 war axe
rCold  . . .     Gourm    .     b - +0 scale mail
rNeg   . . .     Faith    .     (no shield)
rPois  .         Spirit   .     (helmet restricted)
rElec  .         Reflect  .     (no cloak)
rCorr  .         Harm     +     g - +0 pair of gloves
MR     .....                    (no boots)
Stlth  ..........               s - amulet of harm
                                (no ring)
                                (no ring)

@: no status effects
A: retaliatory headbutt, horns 2
a: Stomp, Line Pass, Renounce Religion


You were on level 4 of the Dungeon.
You worshipped Uskayaw.
Uskayaw was noncommittal.
You were very hungry.

You visited 1 branch of the dungeon, and saw 4 of its levels.

You collected 138 gold pieces.

Inventory:

Hand Weapons
 a - a +0 war axe (weapon)
 i - a +0 short sword of speed
Armour
 b - a +0 scale mail (worn)
 g - a +0 pair of gloves (worn)
Jewellery
 s - an amulet of harm (around neck)
Wands
 q - a wand of flame (48/48)
Scrolls
 h - 2 scrolls of teleportation
 j - 2 scrolls of enchant armour
 v - a scroll of remove curse
Potions
 d - a potion of might
 e - 2 potions of flight
 k - a potion of haste {unknown}
 n - a potion of heal wounds {unknown}
 o - 2 potions of lignification {unknown}
 r - 2 potions of curing {unknown}
 t - a potion of resistance {unknown}
 u - a potion of invisibility
Comestibles
 c - 2 meat rations
 f - 3 bread rations
 l - 3 fruits
 m - a slice of pizza
 p - a beef jerky


   Skills:
 + Level 4.4 Fighting
 + Level 5.3 Axes
 + Level 5.1 Armour
 + Level 0.7 Dodging
 + Level 1.5 Stealth
   Level 3.9 Shields


You had 5 spell levels left.
You didn't know any spells.

Dungeon Overview and Level Annotations

Branches:
Dungeon (4/15)
 Temple: D:4-7

Altars:
Ashenzari
Uskayaw


Innate Abilities, Weirdness & Mutations

You reflexively headbutt those who attack you in melee.
You have a pair of horns on your head.


Message History

You can no longer pass through a line of other dancers.
A gnoll comes into view. It is wielding a halberd.
A gnoll comes into view.
The gnoll shouts! x2
You hit the ogre.
The ogre is severely wounded.
The ogre closely misses you.
You slash the ogre!
You kill the ogre!
Your Axes skill increases to level 5!
You have reached level 6!
Your experience leads to an increase in your attributes!
Increase (S)trength, (I)ntelligence, or (D)exterity?
You feel agile.
You can now pass through a line of other dancers.
You barely miss the ball python. The ball python closely misses you.
You furiously retaliate!
You headbutt the ball python.
You kill the ball python!
The gnoll hits you with a halberd!
You die...

...##.###.##.....#
# #.###.##.#...####
#......g..........
#.###..#g.#...####.
#.# ##...>#...## #.
#.......... ##.#
##.#.#...####
#...###g##.#.(##
#.##...)@..#...
##.###..#####.###
###.##...##..##
..............#
###.##$..###..#
#...# #..# #.....
#..# .......##..#
#.#..........


You could see a gnoll.

Vanquished Creatures
  An ogre (D:4)
  Jessica (D:2)
  Robin (D:3)
  3 adders
  A shadow imp (D:3)
  3 worms
  6 dart slugs
  7 orcs (D:3)
  8 bats
  9 giant cockroaches
  19 hobgoblins
  7 kobolds
  A quokka (D:2)
  A ball python (D:4)
  3 frilled lizards
  12 goblins
  6 rats
89 creatures vanquished.

Notes
Turn   | Place    | Note
-------+----------+-------------------------------------------
     0 | D:1      | BlueFish the Minotaur Fighter began the quest for the Orb.
     0 | D:1      | Reached XP level 1. HP: 19/19 MP: 0/0
    19 | D:1      | Reached XP level 2. HP: 19/27 MP: 1/1
   360 | D:1      | Reached XP level 3. HP: 29/33 MP: 2/2
   682 | D:2      | Found a hide-covered altar of Uskayaw.
   919 | D:2      | Became a worshipper of Uskayaw the Reveler
  1088 | D:2      | Reached * piety under Uskayaw
  1231 | D:2      | Reached XP level 4. HP: 40/40 MP: 3/3
  1231 | D:2      | Reached ** piety under Uskayaw
  1487 | D:2      | Noticed Jessica
  1488 | D:2      | Killed Jessica
  1660 | D:3      | Reached *** piety under Uskayaw
  1664 | D:3      | Reached **** piety under Uskayaw
  1890 | D:3      | Noticed Robin
  1895 | D:3      | Reached XP level 5. HP: 42/46 MP: 4/4
  1902 | D:3      | Killed Robin
  2068 | D:3      | Found a shattered altar of Ashenzari.
  2077 | D:3      | Reached skill level 1 in Stealth
  2103 | D:3      | Reached skill level 5 in Armour
  2467 | D:4      | Noticed an ogre
  2481 | D:4      | Killed an ogre
  2481 | D:4      | Reached skill level 5 in Axes
  2481 | D:4      | Reached XP level 6. HP: 8/53 MP: 5/5
  2482 | D:4      | Slain by a gnoll

Vault maps used:
D:1:      lightli_arrival_quake
D:2:      eat_drink_and_be_merry_uskayaw, uniq_jessica
D:3:      evilmike_ruin_ashenzari, uniq_robin
D:4:      marbit_many_paths, first_bread

Skill      XL: |  1  2  3  4  5 |
---------------+----------------+-----
Armour         | 4 5 |  5.1
Axes           | 3 4 5 |  5.3
Fighting       | 4 |  4.4
Stealth        | 1 |  1.5
Dodging        | |  0.7
Shields        | |  3.9

Action                   |  1- 3 |  4- 6 || total
-------------------------+-------+-------++-------
Melee: War axe           |    95 |    81 ||   176
       Headbutt          |    18 |     8 ||    26
  Use: Scroll            |     7 |     3 ||    10
 Stab: Paralysed         |       |     5 ||     5
  Eat: Chunk             |     1 |     3 ||     4
Armor: Scale mail        |    44 |    55 ||    99
Dodge: Dodged            |    34 |    46 ||    80
Block: Shield            |    39 |       ||    39
